 Dungeon Crawl Stone Soup version 0.30.0-5-g1a98f26d00 (webtiles) character file.

Game seed: 15496465988069821438

16 SnakkuSnakku7 the Trooper (level 2, -1/33 HPs)
             Began as an Ogre Delver on May 10, 2023.
             Slain by a kobold
             ... wielding a +0 whip
              (5 damage)
             ... in a sewer.
             The game lasted 00:01:00 (213 turns).

SnakkuSnakku7 the Trooper (Ogre Delver)              Turns: 213, Time: 00:01:01

Health: -1/33      AC:  3    Str: 15    XL:     2   Next: 54%
Magic:  2/2        EV:  9    Int: 11    God:
Gold:   0          SH:  0    Dex: 10    Spells: 1/1 levels left

rFire   . . .        a - +0 mace
rCold   . . .        (no shield)
rNeg    . . .        b - +0 robe
rPois   .            (helmet restricted)
rElec   .            (no cloak)
rCorr   .            (gloves unavailable)
SInv    .            (boots unavailable)
Will    .....        (no amulet)
Stlth   ++           (no ring)
HPRegen 0.25/turn    (no ring)
MPRegen 0.08/turn

%: no passive effects
@: no status effects
A: large, unfitting armour, tough skin 1
a: no special abilities


You were in a sewer.
You visited 1 branch of the dungeon, and saw 1 of its levels.
You also visited: Sewer.

Inventory:

Hand Weapons
 a - a +0 mace (weapon)
Missiles
 h - 7 poisoned darts (quivered)
Armour
 b - a +0 robe (worn)
Wands
 g - a wand of digging (3)
Scrolls
 c - a scroll of fog
 d - a scroll of identify {unknown}
 e - a scroll of fear
Potions
 f - a potion of haste
 i - a potion of experience {unknown}


   Skills:
 + Level 4.6 Fighting
 - Level 2.2 Maces & Flails
 + Level 0.3 Throwing
 - Level 1.7 Dodging
 - Level 3.7 Stealth


You had one spell level left.
You didn't know any spells.
Your spell library was empty.

Dungeon Overview and Level Annotations

Branches:
Dungeon (5/15)              Sewer (1/1)
 Temple: D:4-7

Altars:


Innate Abilities, Weirdness & Mutations

You are too large for most types of armour.
You have tough skin. (AC +1)


Message History

The kobold misses you.
The kobold hits you with a +0 short sword.
The kobold barely misses you.
You completely miss the kobold. The kobold hits you but does no damage.
The kobold barely misses you. The kobold hits you with a +0 whip.
Unknown command.
You sock the kobold!
You kill the kobold!
The kobold barely misses you.
Unknown command.
You hit the kobold.
You kill the kobold!
The kobold splashes around in the water.
Unknown command.
You hit the kobold but do no damage. The kobold closely misses you.
The kobold barely misses you. The kobold hits you with a +0 dagger.
You closely miss the kobold. The kobold hits you but does no damage.
The kobold completely misses you. The kobold hits you with a +0 whip.
* * * LOW HITPOINT WARNING * * *
You miss the kobold. The kobold barely misses you.
The kobold closely misses you.
Unknown command.
You barely miss the kobold. The kobold barely misses you. x2
You hit the kobold.
The kobold is moderately wounded.
The kobold hits you but does no damage.
The kobold splashes around in the water.
The kobold barely misses you.
You barely miss the kobold.
The kobold is moderately wounded.
The kobold splashes around in the water.
The kobold hits you but does no damage. The kobold hits you with a +0 whip.
* * * LOW HITPOINT WARNING * * *
Unknown command.
You hit the kobold.
You kill the kobold!
The kobold barely misses you.
Unknown command.
You hit the kobold but do no damage. The kobold hits you with a +0 whip.
You die...

###### #....#
#..∩!# #.?..#
#)..?# ##)'##
###@)~~#
#...K~~#
##...~.~#
#.......#
#......~#
#......~#
##....P~~#~≈
#..P..~~~#~≈
##.....~~~~~≈~


You could see a kobold.

Vanquished Creatures
  A worm (D:5)
  2 bats (Sewer)
  A giant cockroach (Sewer)
  2 quokkas (D:5)
  6 kobolds (Sewer)
  A rat (D:5)
13 creatures vanquished.

Notes
Turn   | Place    | Note
-------+----------+-------------------------------------------
     0 | D:5      | SnakkuSnakku7 the Ogre Delver began the quest for the Orb.
     0 | D:5      | Reached XP level 1. HP: 24/24 MP: 1/1
    33 | D:5      | Reached XP level 2. HP: 17/33 MP: 2/2
   101 | D:5      | Found a glowing drain.
   105 | Sewer    | Entered a sewer
   213 | Sewer    | Slain by a kobold

Illustrated notes

Levels and vault maps discovered:
D:5:      layout_loops_corners, gup_sewer_entry_bowl, nrook_mini_vaults
Sewer:    kennysheep_pipe_town

Skill      XL: |  1 |
---------------+----+-----
Maces & Flails | 2 |  2.2
Fighting       | |  4.6
Throwing       | |  0.3
Dodging        | |  1.7
Stealth        | |  3.7

Action                     || total
---------------------------++-------
  Melee: Mace              ||    38
         Punch             ||     1
    Use: Scroll            ||     1
 Armour: Robe              ||    14
  Dodge: Dodged            ||    37
